Map: Pylon LE

Players

UpATree

  • Race: Terran Terran
  • League: Master
  • Spawn Location: 11:00

IIIIIIIIIIII - Winner!

  • Race: Zerg Zerg
  • League: Master
  • Spawn Location: 5:00

VOD

Have the link to the VOD?

Description

Time

  • Played on: May 26, 2025, 2:33 p.m.
  • Length: 4:49
Show
View Real Time Build Order
Export as new Build Order

UpATree Terran 

Build Orders: Reaper Expand 

Get SALT Encoding   

  12  0:00  SCV  
  13  0:12  SCV  
  14  0:17  Supply Depot  
  14  0:24  SCV  
  15  0:39  SCV  
  15  0:41  Barracks  
  16  0:47  Refinery  
  16  0:51  SCV  
  16  0:55  Refinery  
  17  1:03  SCV  
  18  1:15  SCV  
  19  1:30  Orbital Command  
  19  1:31  Reaper  
  20  1:42  Command Center  
  20  1:56  SCV, Supply Depot  
  21  2:03  Marine  
  23  2:08  SCV  
  23  2:09  Factory  
  23  2:15  Refinery  
  23  2:20  SCV  
  23  2:31  Marine  
  23  2:33  SCV  
  23  2:45  SCV  
  23  2:51  Barracks Reactor  
  23  2:57  SCV  
  24  3:11  Command Center, SCV  
  25  3:23  SCV  
  26  3:29  Orbital Command  
  26  3:36  Hellion  
  26  3:37  Hellion  
  26  3:39  SCV  
  31  3:47  Starport  
  31  3:50  Barracks Tech Lab  
  31  3:52  SCV  
  31  3:55  SCV  
  33  4:01  Hellion  
  35  4:05  Hellion  
  35  4:07  SCV  
  35  4:08  SCV  
  39  4:17  Barracks Tech Lab  
  39  4:19  SCV  
  39  4:20  SCV  
  39  4:24  Orbital Command  
  45  4:31  SCV  
  45  4:37  SCV  
Show
View Real Time Build Order
Export as new Build Order

IIIIIIIIIIII Zerg - Winner!

Build Orders: Pool First 

Get SALT Encoding   

  12  0:00  Drone  
  13  0:08  Drone  
  14  0:14  Extractor  
  14  0:15  Drone  
  15  0:29  Spawning Pool  
  14  0:51  Hatchery  
  14  0:57  Overlord  
  13  1:01  Drone  
  14  1:16  Zergling x4  
  16  1:22  Queen  
  19  1:25  Drone  
  19  1:29  Drone  
  19  1:32  Extractor  
  19  1:40  Drone  
  20  1:51  Overlord  
  20  1:57  Queen  
  22  2:08  Queen  
  22  2:13  Drone  
  25  2:16  Drone  
  26  2:27  Drone x2  
  28  2:30  Drone  
  28  2:34  Drone  
  29  2:38  Drone  
  29  2:41  Drone  
  31  2:50  Drone x2  
  33  2:55  Drone  
  33  2:57  Drone x2  
  35  3:08  Drone, Roach Warren  
  35  3:09  Drone  
  35  3:12  Overlord  
  36  3:17  Overlord  
  36  3:20  Overlord  
  36  3:48  Roach x8  
  52  3:51  Roach x2  
  52  3:54  Roach  
  58  3:57  Roach  
  58  4:00  Overlord  
  60  4:13  Drone, Hatchery  
  60  4:20  Drone x3  
  63  4:25  Drone x3  
  63  4:28  Drone  
  63  4:29  Drone  
  68  4:46  Extractor  
  68  4:47  Extractor  
Tags
 
Add a new tag
Caveats
  • Supply blocks, unpowered buildings, or Contaminate may cause inaccurate times.
  • Supply counts are checked every 10 seconds.